Map: Jagannatha LE

Players

HeroMarine - Winner!

  • Race: Terran Terran
  • Spawn Location: 1:00

Stats

  • Race: Protoss Protoss
  • Spawn Location: 7:00

Event: TSL 6

VOD

Have the link to the VOD?

Description

Time

  • Played on: Dec. 13, 2020, 1:27 p.m.
  • Length: 15:42

All games in this series

Show
View Real Time Build Order
Export as new Build Order

HeroMarine Terran - Winner!

Build Orders:  

Get SALT Encoding   

  12  0:00  SCV  
  13  0:12  SCV  
  14  0:17  Supply Depot  
  14  0:24  SCV  
  15  0:39  SCV  
  15  0:40  Barracks  
  16  0:44  Refinery  
  16  0:51  SCV  
  17  1:03  SCV  
  18  1:15  SCV  
  19  1:26  Marine  
  19  1:27  Orbital Command  
  20  1:38  Command Center  
  20  1:49  Barracks Reactor  
  20  1:53  Supply Depot, SCV  
  21  2:05  SCV  
  22  2:17  SCV  
  22  2:18  Command Center  
  23  2:25  Marine x2  
  23  2:29  SCV  
  26  2:37  Bunker  
  26  2:41  SCV  
  26  2:42  Marine  
  26  2:43  Marine  
  29  2:50  Orbital Command  
  29  2:53  SCV  
  30  2:58  Barracks  
  30  3:02  Marine  
  30  3:03  Marine  
  32  3:06  SCV  
  33  3:13  Engineering Bay  
  33  3:15  SCV  
  33  3:18  SCV  
  35  3:22  Marine x2  
  37  3:28  SCV  
  37  3:30  SCV  
  37  3:33  Orbital Command  
  39  3:39  Terran Infantry Weapons Level 1  
  39  3:40  SCV, Marine  
  41  3:42  Marine  
  41  3:43  SCV  
  41  3:45  Barracks Tech Lab  
  43  3:52  SCV, Refinery  
  44  3:58  Marine  
  44  3:59  SCV x2, Marine  
  44  4:01  Refinery  
  48  4:04  Stimpack, SCV  
  48  4:06  Factory  
  48  4:08  Marine  
  50  4:12  Supply Depot, SCV  
  50  4:15  SCV  
  50  4:16  SCV  
  53  4:18  Marine x2  
  55  4:25  SCV  
  55  4:28  Barracks, SCV x2  
  58  4:31  Missile Turret  
  58  4:32  Marine  
  58  4:36  Marine  
  58  4:37  SCV  
  61  4:40  SCV x2, Marine  
  61  4:44  Refinery  
  64  4:48  Supply Depot  
  64  4:49  SCV  
  64  4:51  Starport  
  64  4:52  Factory Reactor, SCV x2  
  67  4:56  Marine  
  67  4:58  Marine  
  69  5:04  SCV  
  69  5:06  SCV  
  69  5:09  Barracks  
  69  5:10  Marauder  
  69  5:11  Barracks  
  69  5:12  Supply Depot  
  71  5:15  Supply Depot  
  71  5:16  Barracks Tech Lab  
  71  5:17  SCV  
  71  5:19  SCV  
  73  5:24  Marine x2  
  75  5:30  Supply Depot  
  75  5:33  Marauder  
  75  5:34  Factory Reactor  
  79  5:35  Medivac  
  79  5:36  Combat Shield, Medivac  
  79  5:38  Marauder  
  79  5:39  Orbital Command  
  79  5:40  SCV x2  
  82  5:52  SCV x2  
  82  5:53  Marine x2  
  82  5:55  Marauder  
  85  5:59  Marauder  
  83  6:04  SCV  
  83  6:05  SCV x2  
  83  6:06  Medivac  
  83  6:09  Medivac  
  90  6:12  Barracks Reactor  
  90  6:14  Barracks Tech Lab  
  90  6:16  Terran Infantry Armor Level 1, Marauder, SCV  
  90  6:17  SCV x2  
  95  6:21  Marauder  
  95  6:24  Supply Depot  
  95  6:25  Supply Depot, Widow Mine  
  99  6:26  Widow Mine  
  101  6:34  Supply Depot  
  101  6:36  Supply Depot  
  101  6:45  Medivac, Marauder, SCV, Marine x3  
  109  6:47  Medivac, Marauder, Widow Mine  
  109  6:48  Widow Mine  
  109  6:50  Refinery x2  
  109  6:51  Supply Depot  
  109  6:52  SCV  
  117  7:01  Marine x2  
  117  7:03  Marauder, Marine  
  117  7:06  Marine  
  117  7:07  Marauder  
  125  7:09  Marauder, Widow Mine x2  
  125  7:15  Medivac  
  133  7:19  Marine x2  
  133  7:21  Marine  
  136  7:24  Marine  
  136  7:25  Marauder, Armory  
  136  7:28  Marauder  
  141  7:39  Command Center  
  141  7:40  Marauder  
  141  7:44  Engineering Bay  
  141  7:52  Starport  
  140  7:59  SCV  
  140  8:00  Medivac x2, Marauder, Supply Depot x2, SCV x2  
  140  8:02  Marauder  
  151  8:08  Marine x3  
  151  8:10  Ghost Academy, Marauder  
  151  8:12  Concussive Shells  
  156  8:14  SCV  
  156  8:16  Terran Infantry Weapons Level 2  
  156  8:19  Terran Ship Weapons Level 1, SCV  
  157  8:21  SCV  
  157  8:22  Marauder  
  160  8:32  Viking x2  
  160  8:33  Bunker  
  164  8:35  Supply Depot  
  164  8:38  Viking x2  
  168  8:41  Ghost  
  170  8:51  Ghost x2  
  170  8:52  Marine x4  
  170  8:55  Terran Infantry Armor Level 2  
  176  8:57  SCV x3  
  176  9:02  Viking  
  177  9:09  SCV x3, Viking  
  182  9:12  Refinery, Viking  
  182  9:13  Refinery  
  182  9:15  Viking  
  185  9:21  SCV x3  
  188  9:34  Missile Turret  
  188  9:35  Ghost, Enhanced Shockwaves  
  188  9:38  Ghost  
  190  9:39  Barracks x2  
  190  9:41  Barracks  
  190  9:45  Ghost  
  191  9:46  Marine x3  
  191  9:47  Marine  
  193  9:54  Planetary Fortress  
  193  10:04  Marine  
  193  10:05  Marauder  
  195  10:07  Command Center, Marauder  
  195  10:10  Viking  
  199  10:16  Missile Turret  
  199  10:17  Missile Turret  
  199  10:20  Terran Ship Weapons Level 2  
  197  10:22  Missile Turret  
  197  10:23  Missile Turret  
  197  10:30  Sensor Tower  
  197  10:33  Terran Infantry Weapons Level 3  
  197  10:35  Barracks Reactor, Barracks Tech Lab x2  
  197  10:42  Supply Depot  
  196  10:55  Ghost x3  
  196  10:56  Marine  
  200  11:02  Viking x2  
  200  11:10  Marine x4  
  199  11:18  Marine x2  
  191  11:21  Ghost  
  191  11:24  Ghost  
  191  11:25  Marauder  
  184  11:26  SCV x4, Marine x2  
  186  11:36  Marine  
  186  11:38  Marine  
  186  11:39  Marauder  
  186  11:45  Marauder  
  186  11:46  Marauder  
  187  11:50  Marauder  
  187  11:52  Marine x3  
  187  11:53  Marauder  
  187  11:59  SCV x2  
  187  12:03  Orbital Command  
  186  12:15  Liberator  
  187  12:16  Marauder  
  187  12:23  Medivac  
  187  12:30  SCV x2  
  187  12:31  Liberator x2, Marauder, SCV x2  
  187  12:33  Marauder  
  187  12:35  Marauder x2  
  180  12:38  Marine x2  
  180  12:39  Marauder  
  180  12:40  Marine x3  
  148  12:51  Marine  
  148  12:53  Medivac, Marauder  
  148  12:54  Marauder  
  148  12:55  Marine  
  148  12:56  Marine  
  148  12:57  Marauder x2  
  148  12:58  Medivac, Refinery  
  163  13:01  Marauder  
  163  13:05  Marine  
  163  13:06  Marine x2  
  161  13:14  Marauder  
  161  13:16  Marauder  
  161  13:17  Medivac x2  
  161  13:18  Marauder x2  
  173  13:22  Marauder, Marine x2  
  177  13:29  Marine x2  
  178  13:36  Marauder  
  178  13:37  Marauder, Marine  
  178  13:39  Marauder, Marine  
  178  13:40  Marauder  
  179  13:43  Marauder  
  173  13:57  Marauder  
  173  13:59  Marauder  
  173  14:01  Marauder x2  
  173  14:02  Liberator x2  
  184  14:07  Marauder  
  171  14:14  Marine  
  171  14:15  Marine x3  
  169  14:18  Marauder  
  169  14:21  Liberator x2  
  166  14:25  Missile Turret  
  166  14:29  Marine x2  
  168  14:32  Marine  
  168  14:33  Marine x2  
  171  14:45  Liberator  
  152  14:48  Marauder  
  152  14:51  Marauder  
  145  14:53  Marauder, Marine x2  
  145  14:55  Marauder  
  145  14:59  Marine x3  
  143  15:00  Marine  
  143  15:01  Marine  
  144  15:09  Marine  
  144  15:11  Marine x3  
  151  15:18  Marine x2  
  158  15:23  Marine  
Show
View Real Time Build Order
Export as new Build Order

Stats Protoss 

Build Orders: 1 Gate Expand, Blink Stalkers 

Get SALT Encoding   

  12  0:00  Probe  
  13  0:12  Probe  
  14  0:18  Pylon  
  14  0:24  Probe (Chrono Boost)  
  15  0:37  Gateway, Probe (Chrono Boost)  
  16  0:45  Probe (Chrono Boost)  
  16  0:46  Assimilator  
  17  0:51  Probe  
  18  1:03  Probe  
  19  1:15  Probe  
  20  1:24  Cybernetics Core  
  20  1:31  Nexus  
  20  1:33  Probe  
  21  1:41  Pylon  
  21  1:45  Assimilator  
  21  1:49  Probe  
  22  1:58  Adept (Chrono Boost)  
  24  2:01  Probe  
  24  2:06  Shield Battery  
  24  2:08  Warp Gate  
  25  2:13  Probe  
  26  2:18  Stalker (Chrono Boost)  
  28  2:25  Probe  
  29  2:34  Twilight Council  
  29  2:41  Probe (Chrono Boost)  
  29  2:43  Probe (Chrono Boost)  
  32  2:53  Probe (Chrono Boost)  
  32  2:54  Probe (Chrono Boost)  
  32  2:58  Probe (Chrono Boost)  
  33  2:59  Robotics Facility  
  33  3:02  Probe  
  35  3:07  Gateway  
  35  3:10  Probe  
  35  3:12  Blink (Chrono Boost)  
  36  3:15  Probe  
  37  3:22  Probe  
  38  3:27  Probe  
  39  3:34  Probe  
  39  3:39  Probe  
  39  3:40  Pylon  
  41  3:48  Nexus  
  41  3:49  Observer  
  41  3:50  Probe  
  41  3:54  Probe  
  44  3:57  Pylon  
  44  4:02  Stalker  
  46  4:03  Stalker  
  46  4:05  Probe  
  46  4:07  Probe  
  50  4:10  Observer  
  50  4:13  Pylon  
  50  4:16  Assimilator  
  51  4:19  Assimilator  
  51  4:20  Probe x2  
  53  4:30  Stalker x2  
  57  4:34  Probe x2  
  57  4:37  Immortal (Chrono Boost)  
  63  4:45  Forge  
  63  4:48  Probe x2 (Chrono Boost)  
  65  4:59  Probe (Chrono Boost)  
  66  5:00  Probe (Chrono Boost)  
  66  5:06  Probe (Chrono Boost)  
  68  5:09  Probe (Chrono Boost)  
  68  5:10  Probe (Chrono Boost), Immortal (Chrono Boost)  
  68  5:13  Probe (Chrono Boost)  
  68  5:14  Charge, Probe (Chrono Boost)  
  75  5:16  Probe  
  75  5:17  Protoss Ground Weapons Level 1  
  75  5:21  Pylon  
  77  5:25  Robotics Bay  
  77  5:29  Probe x3  
  77  5:32  Pylon  
  80  5:41  Probe x3  
  83  5:45  Immortal (Chrono Boost)  
  84  6:06  Gateway, Pylon  
  84  6:08  Gateway  
  84  6:10  Gateway  
  84  6:12  Gateway  
  84  6:13  Extended Thermal Lance  
  84  6:14  Colossus (Chrono Boost)  
  84  6:15  Shield Battery  
  90  6:21  Shield Battery  
  90  6:27  Gateway  
  90  6:28  Stalker, Gateway  
  90  6:30  Pylon  
  90  6:31  Sentry  
  94  6:39  Probe x3  
  97  6:41  Assimilator  
  97  6:43  Assimilator, Pylon  
  97  6:45  Observer  
  97  6:52  Pylon  
  97  6:56  Colossus (Chrono Boost)  
  97  6:58  Probe x2  
  97  6:59  Probe  
  106  7:02  Pylon  
  106  7:03  Sentry  
  106  7:04  Stalker x3, Pylon  
  106  7:07  Stalker x2  
  118  7:16  Photon Cannon, Protoss Ground Weapons Level 2 (Chrono Boost)  
  118  7:24  Forge  
  118  7:32  Photon Cannon  
  118  7:35  Zealot x4  
  118  7:37  Warp Prism (Chrono Boost)  
  126  7:41  Zealot x2  
  126  7:42  Zealot  
  134  7:46  Pylon  
  134  7:49  Templar Archives  
  134  7:51  Zealot  
  136  8:00  Nexus  
  136  8:05  Shield Battery  
  136  8:07  Shield Battery  
  134  8:21  Zealot  
  134  8:22  Zealot x3  
  142  8:29  Gateway  
  142  8:30  High Templar x4  
  142  8:31  Gateway x2  
  142  8:34  Observer  
  151  8:35  Gateway  
  151  8:39  Archon x2  
  147  9:02  Stalker x5  
  157  9:03  Pylon  
  157  9:05  Pylon  
  157  9:07  Pylon  
  157  9:09  Pylon  
  157  9:11  Pylon  
  157  9:12  Probe x3  
  157  9:13  Probe  
  161  9:18  Zealot x2  
  161  9:19  Protoss Ground Armor Level 1 (Chrono Boost), Zealot  
  167  9:26  Robotics Facility  
  167  9:36  Zealot x8  
  183  9:41  Probe x2  
  183  9:42  Probe x2  
  185  9:54  Protoss Ground Weapons Level 3 (Chrono Boost)  
  185  9:58  High Templar x3  
  185  9:59  High Templar x3  
  197  10:01  Pylon  
  197  10:02  Archon x2  
  197  10:03  Archon  
  197  10:06  Dark Shrine  
  197  10:09  Pylon  
  195  10:16  Disruptor  
  195  10:21  Nexus  
  195  10:25  Pylon, Photon Cannon  
  198  10:30  Disruptor  
  191  10:50  Nexus  
  191  10:51  Pylon  
  191  10:53  Disruptor  
  192  10:57  Zealot  
  192  10:58  Pylon  
  194  11:05  Disruptor  
  194  11:07  Stalker x3  
  184  11:29  Disruptor  
  184  11:32  Protoss Ground Armor Level 2 (Chrono Boost)  
  175  11:41  Shield Battery, Disruptor  
  175  11:43  Photon Cannon  
  175  11:45  Photon Cannon  
  175  11:46  Zealot x6, Photon Cannon  
  175  11:47  Zealot x2  
  176  11:53  Zealot x2  
  176  11:54  Zealot x2  
  162  11:58  Shadow Stride (Chrono Boost)  
  162  12:05  Disruptor  
  165  12:09  Stalker x6  
  165  12:10  Stalker x2  
  181  12:17  Disruptor  
  184  12:26  Zealot x4  
  163  12:39  Zealot x8  
  130  12:54  Stalker x4  
  138  13:17  Dark Templar x4  
  138  13:18  Dark Templar x3  
  138  13:19  Dark Templar  
  153  13:20  Zealot  
  153  13:21  Zealot x3  
  144  13:43  Stalker x2  
  144  13:44  Stalker x2  
  149  13:50  Dark Templar x2  
  149  13:55  Zealot x6  
  122  14:12  Stalker x2  
  122  14:13  Stalker x2  
  120  14:18  Disruptor x2  
  126  14:24  Zealot x8  
  126  14:29  Assimilator  
  140  14:32  Assimilator  
  133  14:49  Zealot x12  
  122  15:10  Dark Templar x5  
  138  15:17  Zealot  
  138  15:18  Zealot  
Tags
 
Add a new tag
Caveats
  • Supply blocks, unpowered buildings, or Contaminate may cause inaccurate times.
  • Supply counts are checked every 10 seconds.